 Dungeon Crawl Stone Soup version 0.29-a0-993-g4a18f31a58 (webtiles) character file.

Game seed: 9197452325510630390

47 spaghetti the Stinger (level 3, -2/28 HPs)
             Began as a Naga Venom Mage on Aug 2, 2022.
             Slain by a gnoll
             ... wielding a +0 spear
              (5 damage)
             ... on level 2 of the Dungeon.
             The game lasted 00:01:59 (1238 turns).

spaghetti the Stinger (Naga Venom Mage)             Turns: 1238, Time: 00:01:59

Health: -2/28      AC:  2    Str: 10    XL:     3   Next: 70%
Magic:  6/6        EV:  9    Int: 17    God:
Gold:   71         SH:  0    Dex: 11    Spells: 5/6 levels left

rFire   . . .      SeeInvis +   i - +0 sling
rCold   . . .      Faith    .   (no shield)
rNeg    . . .      Spirit   .   a - +0 robe
rPois   +          Reflect  .   (no helmet)
rElec   .          Harm     .   (no cloak)
rCorr   .          Rampage  .   (no gloves)
Will    .....                   (no barding)
Stlth   +.........              g - amulet of magic regeneration {@e2}
HPRegen 0.09/turn               (no ring)
MPRegen 0.50/turn               (no ring)

@: silenced, very slow
A: AC +1, large, see invisible, deformed body, poison resistance, slowness 2,
spit poison 1, naga tail 1
a: Spit Poison


You were on level 2 of the Dungeon.
You visited 1 branch of the dungeon, and saw 2 of its levels.

You collected 71 gold pieces.


Innate Abilities, Weirdness & Mutations

Your serpentine skin is tough. (AC +1)
You have supernaturally acute eyesight. (SInv)
Armour fits poorly on your strangely shaped body.
Your system is resistant to poisons. (rPois)
You cover ground very slowly.
You can spit poison.
You have a snake-like lower body.


   Skills:
 - Level 1.5 Dodging
 - Level 3.0 Stealth
 - Level 2.0 Spellcasting
 - Level 1.0 Transmutations
 + Level 6.1 Poison Magic


You had 5 spell levels left.
You knew the following spells:

 Your Spells              Type           Power      Damage    Failure   Level
a - Sting                 Tmut/Pois      52%        1d5       4%          1

Your spell library contained the following spells:

 Spells                   Type           Power      Damage    Failure   Level
 Poisonous Vapours        Pois/Air       24%        N/A       9%          2
 Olgreb's Toxic Radiance  Pois           22%        N/A       16%         4
 Mephitic Cloud           Conj/Pois/Air  8%         N/A       26%         3

Inventory:

Hand Weapons
 d - a +0 trident {polearm}
   (You found it on level 1 of the Dungeon)
 i - a +0 sling (weapon)
   (You found it on level 1 of the Dungeon)
Missiles
 e - 21 stones {throwing}
Armour
 a - a +0 robe (worn)
Jewellery
 b - a ring of see invisible
   (You found it on level 2 of the Dungeon)
 g - an amulet of magic regeneration (around neck) {@e2}
   (You found it on level 2 of the Dungeon)
Wands
 h - a wand of polymorph (6)
   (You took it off a goblin on level 2 of the Dungeon)
Scrolls
 f - a scroll of silence {!r}
 k - a scroll of magic mapping {!r}
Potions
 c - a potion of curing {@q1}

Dungeon Overview and Level Annotations

Branches:
Dungeon (2/15) Zot: 10498

Altars:

Shops:
D:1

! .# ##.. ..#
###.# ..####
###...# .
#.....###.....#
... ###..#
#.##..#..##
.....##..†.#
#.##....##
.....gg.g#
#...).###
......##g#
####†..## .....
#@.###......# ..##
#......###..#####
#
#..########......#
#..# #..####..#
#### #.## . #.#
..# ..## ###


You could see a gnoll and a hobgoblin.


Message History

😨 MP[-1]
You lost 1 mp, and now have 4/6 mp.
Casting: Sting (safe; 4% risk of failure)
Confirm with . or Enter, or press ? or * to list all spells.
Aiming: Sting (safe; 4% risk of failure)
Press: ? - help, Shift-Dir - straight line, f - goblin
Aim: a goblin, wielding a +0 club and carrying a wand of polymorph (6) (64% to hit)
The sting hits the goblin.
The goblin is poisoned.
You kill the goblin!
Casting: Sting (safe; 4% risk of failure)
Confirm with . or Enter, or press ? or * to list all spells.
You can't see any susceptible monsters within range! (Use Z to cast anyway.)
A giant cockroach comes into view. 😮 HP[+3] MP[+2]
You regained 3 hp, and now have 15/28 hp.
Your mp is fully restored (6).
A giant cockroach is nearby!
A giant cockroach is nearby!
A giant cockroach is nearby!
A hobgoblin comes into view.
A gnoll comes into view. It is wielding a +0 club.
The giant cockroach closely misses you.
Casting: Sting (safe; 4% risk of failure)
Confirm with . or Enter, or press ? or * to list all spells.
Aiming: Sting (safe; 4% risk of failure)
Press: ? - help, Shift-Dir - straight line, f - giant cockroach
Aim: a giant cockroach (71% to hit)
The sting hits the giant cockroach.
The giant cockroach is poisoned.
The giant cockroach bites you but does no damage. 😮 MP[-1]
You lost 1 mp, and now have 5/6 mp.
Casting: Sting (safe; 4% risk of failure)
Confirm with . or Enter, or press ? or * to list all spells.
Aiming: Sting (safe; 4% risk of failure)
Press: ? - help, Shift-Dir - straight line, f/p - giant cockroach
Aim: a giant cockroach (heavily wounded, poisoned, 71% to hit)
The sting hits the giant cockroach but does no damage.
The giant cockroach looks even sicker.
You kill the giant cockroach!
A gnoll comes into view. It is wielding a +0 spear.
Casting: Sting (safe; 4% risk of failure)
Confirm with . or Enter, or press ? or * to list all spells.
You can't see any susceptible monsters within range! (Use Z to cast anyway.)
Casting: Sting (safe; 4% risk of failure)
Confirm with . or Enter, or press ? or * to list all spells.
You can't see any susceptible monsters within range! (Use Z to cast anyway.)
Casting: Sting (safe; 4% risk of failure)
Confirm with . or Enter, or press ? or * to list all spells.
You can't see any susceptible monsters within range! (Use Z to cast anyway.)
The gnoll shouts!
Casting: Sting (safe; 4% risk of failure)
Confirm with . or Enter, or press ? or * to list all spells.
Aiming: Sting (safe; 4% risk of failure)
Press: ? - help, Shift-Dir - straight line, f - gnoll
Aim: a gnoll, wielding a +0 club (75% to hit)
The sting hits the gnoll.
The gnoll is poisoned.
The hobgoblin shouts! 😮 HP[+1]
Casting: Sting (safe; 4% risk of failure)
Confirm with . or Enter, or press ? or * to list all spells.
Aiming: Sting (safe; 4% risk of failure)
Press: ? - help, Shift-Dir - straight line, f/p - gnoll
Aim: a gnoll, wielding a +0 club (heavily wounded, poisoned, 75% to hit)
The sting hits the gnoll.
The gnoll looks even sicker. 😮 MP[-1]
You lost 1 mp, and now have 4/6 mp.
Casting: Sting (safe; 4% risk of failure)
Confirm with . or Enter, or press ? or * to list all spells.
Aiming: Sting (safe; 4% risk of failure)
Press: ? - help, Shift-Dir - straight line, f/p - gnoll
Aim: a gnoll, wielding a +0 club (heavily wounded, very poisoned, 75% to hit)
The sting hits the gnoll.
The gnoll looks even sicker.
The gnoll hits you with a +0 club.
* * * LOW HITPOINT WARNING * * *
😨 HP[-5]
You take 5 damage, and now have 11/28 hp.
You aren't carrying any items that you can evoke.
Okay, then.
The gnoll attacks as you move away! The gnoll hits you with a +0 club.
* * * LOW HITPOINT WARNING * * *
You kill the gnoll!
The gnoll hits you from afar with a +0 spear!
* * * LOW HITPOINT WARNING * * *
Your Poison Magic skill increases to level 6! 😱 HP[-8]
You take 8 damage, and now have 3/28 hp.
MASSIVE DAMAGE!! (PAUSE)
Okay, then.
h - a wand of polymorph (6);
k - a scroll labelled KUERIG OGHUAPP
Things that are here:
a +0 club {mace}; a goblin corpse; a worm corpse 😱 MP[+2]
Your mp is fully restored (6).
As you read the scroll labelled FUETIRPHU WAJOEL, it crumbles to dust.
It is a scroll of identify.
k - a scroll of magic mapping
As you read the scroll labelled CIBOCUE MEYL, it crumbles to dust.
A profound silence engulfs you.
It was a scroll of silence.
The gnoll hits you from afar with a +0 spear.
You die...

Skill      XL: |  1  2  3 |
---------------+----------+-----
Poison Magic   | 5 6 |  6.1
Dodging        | |  1.5
Stealth        | |  3.0
Spellcasting   | |  2.0
Transmutations | |  1.0

Action                   || total
-------------------------++-------
 Fire: Sling             ||    35
 Cast: Sting             ||    28
 Abil: Spit Poison       ||     3
  Use: Potion            ||     4
       Scroll            ||     2
Armor: Robe              ||     1
Dodge: Dodged            ||    10

Levels and vault maps discovered:
D:1:      amcnicky_arrival_abandoned_market, layout_basic, serial_shops,
          nicolae_shop_trees, nicolae_concentric_dashed_squares_mild
D:2:      layout_rooms, chequers_ecumenical_altar_grove, basic_altar,
          minmay_misc_feat_four_crosses

Notes
Turn   | Place    | Note
-------+----------+-------------------------------------------
     0 | D:1      | spaghetti the Naga Venom Mage began the quest for the Orb.
     0 | D:1      | Reached XP level 1. HP: 15/15 MP: 3/3
     0 | D:1      | magus.rc [v1.9.6]
   425 | D:1      | Reached XP level 2. HP: 12/22 MP: 0/5
   608 | D:1      | Found Ubelucremp's Distillery.
   781 | D:2      | Reached skill level 5 in Poison Magic
   813 | D:2      | HP: 5/22 [jackal (2)]
   908 | D:2      | Reached XP level 3. HP: 15/28 MP: 2/6
  1234 | D:2      | HP: 3/28 [gnoll/+0 spear (7)]
  1235 | D:2      | Reached skill level 6 in Poison Magic
  1238 | D:2      | Slain by a gnoll

Vanquished Creatures
  A gnoll (D:2)
  An adder (D:2)
  A worm (D:2)
  A dart slug (D:2)
  2 bats
  An endoplasm (D:1)
  2 giant cockroaches
  A goblin (D:2)
  4 jackals
  A quokka (D:1)
  2 ball pythons
  2 frilled lizards
  4 rats
23 creatures vanquished.

Table legend:
 A = Non-vault XP
 B = Vault XP
 C = Vault XP percentage of total XP
 D = Non-vault monster count
 E = Vault monster count
 F = Vault count percentage of total count
                 A         B        C        D         E       F
            +---------+---------+-------+---------+---------+-------
      Total |      68 |       0 |   0.0 |      23 |       0 |   0.0
            +---------+---------+-------+---------+---------+-------
        D:1 |      14 |       0 |   0.0 |       9 |       0 |   0.0
        D:2 |      54 |       0 |   0.0 |      14 |       0 |   0.0
            +---------+---------+-------+---------+---------+-------

Illustrated notes

Table legend:
 A = Kills in this place as a percentage of kills in entire the game.
 B = Kills by you in this place as a percentage of kills by you in the entire game.
 C = Kills by friends in this place as a percentage of kills by friends in the entire game.
 D = Other kills in this place as a percentage of other kills in the entire game.
 E = Experience gained in this place as a percentage of experience gained in the entire game.
 F = Experience gained in this place divided by the number of levels of this place that you have seen.
                   A       B       C       D       E      F
               +-------+-------+-------+-------+-------+----------------------
         Total | 100.0 | 100.0 |   N/A |   N/A | 100.0 |  34.0
       Dungeon | 100.0 | 100.0 |   N/A |   N/A | 100.0 |  34.0
               +-------+-------+-------+-------+-------+----------------------

Table legend: (Time is in decaauts)
 A = Elapsed time spent in this place.
 B = Non-inter-level travel time spent in this place.
 C = Inter-level travel time spent in this place.
 D = Time resting spent in this place.
 E = Time spent auto-exploring this place.
 F = Levels seen in this place.
 G = Mean time per level.
                   A        B        C        D        E       F      G
               +--------+--------+--------+--------+--------+-----+--------+
         Total |   1500 |   1406 |     94 |     38 |   1227 |   2 |  750.0 |
       Dungeon |   1500 |   1406 |     94 |     38 |   1227 |   2 |  750.0 |
               +--------+--------+--------+--------+--------+-----+--------+

Top non-repeatable levels by time:
     D:1: 1004 daAuts
     D:2: 496 daAuts
